Match 45331888
Unlisted

Match 45331888
End
Selects Terror Battlegroup
Construct Infanterie Kompanie
MG 42 Machine Gun Team
Grenadier Squad
MG 42 Machine Gun Team
GrW 34 Mortar Team
Construct Luftwaffe Kompanie
Jäger Squad
Selects Machine Gun Camouflage
Medical Station
Jäger Squad
Construct Panzer Kompanie
SnakeEyes
XuZhongwei
AEK-971
Pinec0ne
TirushOne
종북좌파
giii_beom
Brandeizy
0
0

Comments sign in to comment!

No comments posted yet!